 Dungeon Crawl Stone Soup version 0.29-a0-1047-g7c58e119a4 (webtiles) character file.

Game seed: 11478076512284211252

92855 polve the Severer (level 15, 0/119 HPs)
             Began as a Demonspawn Abyssal Knight on Aug 15, 2022.
             Was a High Priest of Lugonu.
             Succumbed to barbed spike wounds
             ... on level 1 of the Abyss on Aug 16, 2022.
             The game lasted 01:04:37 (33102 turns).

polve the Severer (Demonspawn Abyssal Knight)      Turns: 33102, Time: 01:04:37

Health: 0/119      AC: 31    Str: 21    XL:     15   Next: 59%
Magic:  22/31      EV: 20    Int: 14    God:    Lugonu [*****.]
Gold:   1863       SH: 26    Dex: 13    Spells: 17/19 levels left

rFire   + . .      SeeInvis +   a - +6 broad axe (distort)
rCold   + . .      Faith    .   Z - +0 tower shield
rNeg    . . .      Spirit   .   Y - +10 plate armour {ponderous}
rPois   .          Reflect  .   S - +0 helmet of the Teaching Gods {Int+2}
rElec   .          Harm     .   z - +0 cloak
rCorr   .          Rampage  .   r - +2 pair of gloves {Stlth+}
Will    +....                   (boots unavailable)
Stlth   ..........              N - amulet of the acrobat
HPRegen 0.29/turn               d - ring of Heorapec {Fire MP+9 Slay+2 Stlth+}
MPRegen 0.22/turn               R - ring "Guddonna" {Fly rC++ SInv}

@: spiked, acrobatic, flying, slow
A: hooves 3, large bone plates 2, spiny 3, condensation shield
a: Renounce Religion, Depart the Abyss, Bend Space, Banish, Corrupt, Enter the
Abyss


You were on level 1 of the Abyss.
You worshipped Lugonu.
Lugonu was extremely pleased with you.
You visited 4 branches of the dungeon, and saw 23 of its levels.
You visited the Abyss 2 times.
You also visited: Gauntlet.

You collected 2399 gold pieces.
You spent 536 gold pieces at shops.

Inventory:

Hand Weapons
 a - a +6 broad axe of distortion (weapon)
 b - the +8 trident of Gaon {spect, *Corrode rElec Int+5}
   (You found it on level 1 of the Lair of Beasts)

   When its wielder attacks, the weapon's spirit leaps out and strikes again.
   The spirit shares a part of any damage it takes with its wielder.
   Int:       It affects your intelligence (+5).
   rElec:     It insulates you from electricity.
   *Corrode:  It may corrode you when you take damage.
Missiles
 y - 5 throwing nets
Armour
 r - a +2 pair of gloves of stealth (worn)
 z - a +0 cloak (worn)
 S - the +0 helmet of the Teaching Gods (worn) {Int+2}
   (You found it in a Gauntlet)

   Int:       It affects your intelligence (+2).
 Y - a +10 plate armour of ponderousness (worn)
 Z - a +0 tower shield (worn)
Magical Staves
 q - a staff of poison
Jewellery
 d - the ring of Heorapec (left hand) {Fire MP+9 Slay+2 Stlth+}
   (You found it on level 14 of the Dungeon)

   [ring of fire]

   It enhances your fire magic.
   Slay:      It affects your accuracy & damage with ranged weapons and melee
   (+2).
   rF:        It protects you from fire.
   rC:        It makes you vulnerable to cold.
   MP:        It affects your magic capacity (+9).
   Stlth:     It makes you more stealthy.
 C - an amulet of magic regeneration
 N - an amulet of the acrobat (around neck)
 R - the ring "Guddonna" (right hand) {Fly rC++ SInv}
   (You took it off a minotaur in a Gauntlet)

   [ring of see invisible]

   rC:        It greatly protects you from cold.
   SInv:      It lets you see invisible.
   Fly:       It grants you flight.
 U - a ring of resist corrosion
Wands
 i - a wand of polymorph (21)
 n - a wand of flame (60)
 o - a wand of acid (4)
 v - a wand of mindburst (20)
 G - a wand of roots (38)
 K - a wand of digging (15)
 L - a wand of paralysis (15)
Scrolls
 f - a scroll of identify
 g - 10 scrolls of teleportation
 j - 4 scrolls of blinking
 k - 2 scrolls of magic mapping
 x - 3 scrolls of enchant armour
 H - 3 scrolls of fear
 O - a scroll of fog
 Q - a scroll of silence
 X - a scroll of amnesia
Potions
 c - 4 potions of magic
 p - 2 potions of haste
 u - a potion of berserk rage
 w - 2 potions of might
 A - 4 potions of mutation
 E - 3 potions of attraction
 J - a potion of invisibility
 M - a potion of cancellation
 P - 4 potions of resistance
 T - a potion of brilliance
 W - a potion of ambrosia


   Skills:
 - Level 11.2 Fighting
 + Level 17.2 Axes
 - Level 10.5 Armour
 - Level 3.0 Dodging
 - Level 10.5 Shields
 - Level 2.7 Spellcasting
 - Level 4.0 Transmutations
 - Level 10.0 Invocations


You had 17 spell levels left.
You knew the following spells:

 Your Spells              Type           Power      Damage    Failure   Level
z - Wereblood             Tmut           13%        N/A       99%         2

Your spell library contained the following spells:

 Spells                   Type           Power      Damage    Failure   Level
 Apportation              Tloc           2%         N/A       100%        1
 Sandblast                Erth           2%         2d4       100%        1
 Slow                     Hex            4%         N/A       100%        1
 Summon Small Mammal      Summ           4%         N/A       100%        1
 Passwall                 Tmut/Erth      5%         N/A       100%        2
 Poisonous Vapours        Pois/Air       2%         N/A       100%        2
 Static Discharge         Conj/Air       1%         3-4/arc   100%        2
 Sublimation of Blood     Necr           1%         N/A       100%        2
 Call Canine Familiar     Summ           1%         N/A       100%        3
 Confusing Touch          Hex            1%         N/A       100%        3
 Conjure Flame            Conj/Fire      2%         6-21      100%        3
 Ignite Poison            Fire/Tmut/Pois 8%         N/A       100%        3
 Inner Flame              Hex/Fire       2%         N/A       100%        3
 Mephitic Cloud           Conj/Pois/Air  1%         N/A       100%        3
 Ozocubu's Armour         Ice            1%         N/A       100%        3
 Portal Projectile        Hex/Tloc       2%         N/A       100%        3
 Stone Arrow              Conj/Erth      2%         3d7       100%        3
 Summon Guardian Golem    Hex/Summ       1%         N/A       100%        3
 Vampiric Draining        Necr           1%         2d6       100%        3
 Animate Dead             Necr           1%         N/A       100%        4
 Cause Fear               Hex            0%         N/A       100%        4
 Corpse Rot               Necr/Pois/Air  1%         N/A       100%        4
 Hailstorm                Conj/Ice       1%         3d3       100%        4
 Ice Form                 Ice/Tmut       7%         N/A       100%        4
 Leda's Liquefaction      Hex/Erth       0%         N/A       100%        4
 Sticky Flame             Conj/Fire      2%         2d3       100%        4
 Summon Ice Beast         Ice/Summ       1%         N/A       100%        4
 Alistair's Intoxication  Tmut/Pois      4%         N/A       100%        5
 Borgnjor's Vile Clutch   Necr/Erth      0%         N/A       100%        5
 Freezing Cloud           Conj/Ice/Air   0%         6-21      100%        5
 Lightning Bolt           Conj/Air       0%         1d11      100%        5
 Metabolic Englaciation   Hex/Ice        0%         N/A       100%        5
 Summon Mana Viper        Hex/Summ       1%         N/A       100%        5
 Conjure Ball Lightning   Conj/Air       0%         3x3d6     100%        6
 Death Channel            Necr           0%         N/A       100%        6
 Simulacrum               Ice/Necr       0%         N/A       100%        6
 Monstrous Menagerie      Summ           0%         N/A       100%        7
 Orb of Destruction       Conj           0%         9d5       100%        7
 Spellforged Servitor     Conj/Summ      0%         N/A       100%        7
 Summon Hydra             Summ           0%         N/A       100%        7
 Borgnjor's Revivificati  Necr           0%         N/A       100%        8
 Discord                  Hex            0%         N/A       100%        8
 Disjunction              Tloc           0%         N/A       100%        8
 Maxwell's Capacitive Co  Air            0%         ∞         100%        8
 Necromutation            Tmut/Necr      3%         N/A       100%        8
 Chain Lightning          Conj/Air       0%         2d1       100%        9
 Death's Door             Necr           0%         N/A       100%        9
 Fire Storm               Conj/Fire      1%         7d1       100%        9
 Shatter                  Erth           0%         3d5*      100%        9


Dungeon Overview and Level Annotations

Branches:
Dungeon (14/15)            Temple (0/1) D:7            Lair (5/5) D:9
 Shoals (2/4) Lair:3        Snake (0/4) Lair:2        Slime (0/5) Lair:4
    Orc (2/2) D:12            Elf (0/3) Orc:2        Vaults (0/5) D:13
Gauntlet (visited)

Altars:
Yredelemnul

Shops:
D:3 :   D:4 (   D:7 (   D:13 ??*   Orc:1 :   Orc:2 [*(=

Portals:
Trove: D:12 (lose all piety)

Annotations:
D:14 Azrael
Lair:3 3 runed translucent doors, Ririga's ghost, journeyman TrHW


Innate Abilities, Weirdness & Mutations

You have hooves in place of feet.
You are mostly covered in large bone plates. (SH +6)
You are completely covered in sharp spines.
A meltable shield of frost defends you. (SH +4)


Message History

You block the merfolk impaler's attack. x2
You feel better. You block the merfolk's attack.
You block the harpy's attack. x2
You block the manticore's attack.
The manticore claws you but does no damage. x2
The merfolk impaler hits you but does no damage. x2
You are poisoned.
You slash the harpy!
You kill the harpy!
Lugonu accepts your kill.
You hit the manticore.
The manticore blinks!
You feel sick. You block the merfolk's attack.
The manticore flicks its tail.
The volley of spikes hits you!
The barbed spikes become lodged in your body.
* * * LOW HITPOINT WARNING * * *
You block the merfolk impaler's attack.
You feel better.
The merfolk hits you but does no damage.
You block the merfolk impaler's attack.
The merfolk impaler hits you but does no damage.
You are poisoned.
The barbs in your skin will harm you if you move.
Continue?
The barbed spikes dig painfully into your body as you move.
* * * LOW HITPOINT WARNING * * *
You feel sick. You block the merfolk's attack.
The manticore flicks its tail.
The volley of spikes hits you!
The barbed spikes become lodged in your body.
* * * LOW HITPOINT WARNING * * *
You block the merfolk impaler's attack. x2
You feel better. You block the merfolk's attack.
The manticore flicks its tail.
You block the volley of spikes.
The merfolk impaler hits you with a +3 trident of venom!
* * * LOW HITPOINT WARNING * * *
This branch contains the abyssal rune of Zot.
You start resting.
A fire bat comes into view.
The barbed spikes dig painfully into your body as you move.
You die...

~...~.~.~.~.~.~
.b.~~..~~~.....
..............
............#
...........#
...........#
..........##
........@..#
.........###
......~....
.............
...............
..........~~.~.
...............
...............


You could see a fire bat.

Vanquished Creatures
  An orc warlord (Orc:2)
  An entropy weaver (Gauntlet)
  A minotaur (Gauntlet)
  Snorg (Lair:3)
  A fire dragon (Lair:5)
  A merfolk impaler (Shoals:1)
  3 boulder beetles (D:14)
  2 hydras
  A merfolk avatar (Shoals:2)
  4 two-headed ogres
  A merfolk aquamancer (Shoals:2)
  4 centaur warriors
  An ogre mage (D:13)
  A tengu warrior (D:14)
  6 death yaks
  An orc high priest (Orc:2)
  Urug (Lair:5)
  A wretched star (Gauntlet)
  7 skeletal warriors
  5 sea snakes
  A wizard (D:14)
  4 harpies (Shoals:2)
  5 ugly things
  5 orc knights
  A lindwurm (Lair:5)
  3 deep elf pyromancers
  5 manticores
  7 fauns (Shoals:1)
  A wolf spider (Gauntlet)
  7 orc sorcerers (Orc:2)
  3 cyclopes
  6 black mambas
  2 merfolk sirens (Shoals:1)
  Maggie (D:6)
  A gargoyle (D:12)
  A molten gargoyle (Lair:5)
  4 centaur skeletons (D:13)
  7 cane toads
  7 komodo dragons
  An efreet (D:14)
  2 rime drakes
  A kobold demonologist (D:13)
  3 tengu conjurers
  2 unseen horrors (D:11)
  4 polar bears
  6 trolls
  6 merfolk
  A hornet (D:9)
  2 wind drakes
  6 slime creatures (D:12)
  7 blink frogs
  A water elemental (Shoals:2)
  54 yaks
  A shadow (D:11)
  A fire elemental (D:14)
  3 fire bats (Lair:4)
  3 wraiths
  6 wyverns
  2 steam dragons
  A neqoxec (Gauntlet)
  3 basilisks
  7 vampire mosquitoes
  A redback (Gauntlet)
  5 wargs
  2 nagas (Lair:2)
  9 water moccasins
  6 acid dragons
  5 hell hounds
  2 ice beasts
  5 black bears
  27 orc warriors
  A swamp drake (D:12)
  5 ogres
  A boggart (D:13)
  9 centaurs
  9 wolves
  A phantom (D:6)
  4 kobold brigands
  14 bullfrogs
  3 gnoll sergeants
  2 scorpions
  9 wights
  15 killer bees
  9 howler monkeys
  A crimson imp (D:14)
  5 lava snakes (Lair:5)
  21 orc priests
  A gnoll bouda (D:7)
  2 hounds (D:6)
  Crazy Yiuf (D:6)
  An iguana (D:5)
  38 orc wizards
  23 gnolls
  7 adders
  2 shadow imps (D:6)
  6 white imps
  3 ufetubi
  2 worms (D:2)
  3 dart slugs
  90 orcs
  5 ball pythons
  3 bats
  2 endoplasms
  3 giant cockroaches
  9 goblins
  13 hobgoblins
  12 jackals
  19 kobolds
  5 quokkas
  3 frilled lizards
  4 rats
666 creatures vanquished.

Vanquished Creatures (others)
  A demonic plant (Gauntlet)
  43 fungi
  30 plants
74 creatures vanquished.

Grand Total: 740 creatures vanquished

Notes
Turn   | Place    | Note
-------+----------+-------------------------------------------
     0 | Abyss:1  | polve the Demonspawn Abyssal Knight began the quest for the
                  | Orb.
     0 | Abyss:1  | Reached XP level 1. HP: 18/18 MP: 2/2
    74 | Abyss:1  | Noticed a wraith
    76 | D:1      | Escaped the Abyss
   271 | D:1      | Reached skill level 2 in Axes
   430 | D:1      | Gained mutation: You are partially covered in large bone
                  | plates. (SH +4) [demonic ancestry]
   430 | D:1      | Reached XP level 2. HP: 24/24 MP: 3/3
   457 | D:1      | Reached ** piety under Lugonu
  1200 | D:1      | Reached skill level 3 in Axes
  1402 | D:1      | Found a faded altar of an unknown god.
  1878 | D:1      | Upgraded the game from 0.29-a0-1042-g87b1fcd763 to
                  | 0.29-a0-1047-g7c58e119a4
  1950 | D:2      | Gained mutation: You are partially covered in sharp spines.
                  | [demonic ancestry]
  1950 | D:2      | Reached XP level 3. HP: 28/29 MP: 4/4
  2493 | D:2      | HP: 1/29 [worm (3)]
  2833 | D:2      | Gained mutation: You are mostly covered in sharp spines.
                  | [demonic ancestry]
  2833 | D:2      | Reached XP level 4. HP: 9/35 MP: 5/5
  3119 | D:2      | Reached skill level 4 in Axes
  3448 | D:2      | Reached *** piety under Lugonu
  4064 | D:3      | Found Cavaefuut's Book Shoppe.
  4087 | D:3      | Gained mutation: A meltable shield of frost defends you.
                  | (SH +4) [demonic ancestry]
  4087 | D:3      | Reached XP level 5. HP: 26/41 MP: 7/7
  4534 | D:3      | Reached skill level 5 in Invocations
  4846 | D:3      | You fall into a shaft and drop 1 floor!
  4927 | D:4      | Found Ecsotz's Antique Weapon Boutique.
  4936 | D:4      | Bought a runed war axe for 201 gold pieces
  4966 | D:4      | Reached **** piety under Lugonu
  4967 | D:4      | Gained mutation: You have large cloven feet. [demonic
                  | ancestry]
  4967 | D:4      | Reached XP level 6. HP: 27/47 MP: 10/10
  6073 | D:5      | Entered Level 5 of the Dungeon
  6243 | D:5      | Noticed an ice beast
  6257 | D:5      | Killed an ice beast
  6313 | D:5      | Reached XP level 7. HP: 52/52 MP: 13/13
  7290 | D:6      | Found a runed translucent door.
  7291 | D:6      | Noticed Crazy Yiuf
  7295 | D:6      | Killed Crazy Yiuf
  7342 | D:6      | Reached skill level 10 in Invocations
  7445 | D:6      | Noticed a steam dragon
  7450 | D:6      | Gained mutation: You have hoof-like feet. [demonic
                  | ancestry]
  7450 | D:6      | Reached XP level 8. HP: 58/58 MP: 15/15
  7707 | D:6      | Reached skill level 5 in Axes
  7900 | D:6      | Noticed Maggie
  8023 | D:6      | Killed Maggie
  8024 | D:6      | Reached skill level 6 in Axes
  8061 | D:6      | Found a basalt altar of Yredelemnul.
  8088 | D:6      | Reached skill level 7 in Axes
  8293 | D:7      | Found Piluqerphoy's Antique Weapon Boutique.
  8293 | D:7      | Found a staircase to the Ecumenical Temple.
  8435 | D:7      | Reached XP level 9. HP: 63/63 MP: 16/16
  8908 | D:7      | Reached skill level 8 in Axes
  9611 | D:7      | Reached skill level 9 in Axes
  9955 | D:8      | Noticed a two-headed ogre
 10046 | D:8      | Noticed a two-headed ogre
 10047 | D:8      | Banished a two-headed ogre
 10048 | D:8      | Reached skill level 10 in Axes
 10202 | D:8      | Reached XP level 10. HP: 65/70 MP: 17/17
 10209 | D:8      | Banished a two-headed ogre
 10210 | D:8      | Reached skill level 5 in Armour
 10931 | D:9      | Found a staircase to the Lair.
 10960 | D:9      | Reached skill level 5 in Fighting
 11205 | D:9      | Reached skill level 1 in Shields
 11615 | D:9      | Reached ***** piety under Lugonu
 12113 | D:10     | Entered Level 10 of the Dungeon
 12152 | D:10     | Gained mutation: You are completely covered in sharp
                  | spines. [demonic ancestry]
 12152 | D:10     | Reached XP level 11. HP: 81/81 MP: 18/18
 12165 | D:10     | Noticed a skeletal warrior
 12166 | D:10     | Noticed a skeletal warrior
 12167 | D:10     | Banished a skeletal warrior
 12167 | D:10     | Noticed a skeletal warrior
 12167 | D:10     | Noticed a skeletal warrior
 12180 | D:10     | Banished a skeletal warrior
 12203 | D:10     | Killed a skeletal warrior
 12336 | D:10     | Banished a skeletal warrior
 12488 | D:10     | Noticed a skeletal warrior
 12489 | D:10     | Banished a skeletal warrior
 12796 | D:10     | Noticed a two-headed ogre
 12804 | D:10     | Killed a two-headed ogre
 12805 | D:10     | Reached skill level 5 in Shields
 13017 | D:11     | Noticed a deep elf pyromancer
 13044 | D:11     | Killed a deep elf pyromancer
 13216 | Lair:1   | Entered Level 1 of the Lair of Beasts
 13581 | Lair:1   | Identified the +8 trident of Gaon {spect, *Corrode rElec
                  | Int+5}
 14192 | Lair:1   | Noticed a boulder beetle
 14194 | Lair:1   | Banished a boulder beetle
 14555 | Lair:2   | Found a staircase to the Snake Pit.
 14853 | Lair:2   | Gained mutation: You are mostly covered in large bone
                  | plates. (SH +6) [demonic ancestry]
 14853 | Lair:2   | Reached XP level 12. HP: 54/94 MP: 19/19
 15353 | Lair:3   | Noticed a death yak
 15359 | Lair:3   | Noticed a death yak
 15361 | Lair:3   | Noticed a death yak
 15694 | Lair:3   | Found a gate leading to a gauntlet.
 15705 | Gauntlet | Entered a Gauntlet
 15705 | Gauntlet | Found a transporter.
 15721 | Gauntlet | Noticed a cacodemon
 15722 | Gauntlet | Found a runed translucent door.
 15724 | Gauntlet | Found a transporter.
 15727 | Gauntlet | Found a transporter.
 15730 | Gauntlet | Found a runed translucent door.
 15776 | Gauntlet | Found a transporter.
 15797 | Gauntlet | Found a transporter.
 15808 | Gauntlet | Noticed an entropy weaver
 15810 | Gauntlet | Found a transporter.
 15816 | Gauntlet | Found a transporter.
 15884 | Gauntlet | Found a transporter.
 15892 | Gauntlet | Noticed a great orb of eyes
 15900 | Gauntlet | Found a transporter.
 15904 | Gauntlet | Found a transporter.
 15925 | Gauntlet | Found a transporter.
 15925 | Gauntlet | Noticed a four-headed hydra
 15985 | Gauntlet | Found a transporter.
 16106 | Gauntlet | Identified the +0 helmet of the Teaching Gods {Int+2}
 16172 | Gauntlet | Killed an entropy weaver
 16497 | Gauntlet | Identified the +0 barding of Refuge {+Inv Dex+2}
 16536 | Gauntlet | Identified the ring "Guddonna" {Fly rC++ SInv}
 16536 | Gauntlet | Noticed a minotaur
 16554 | Gauntlet | Killed a minotaur
 16678 | Gauntlet | Identified the +2 robe of Kesme {rPois rC- Regen+ rCorr}
 17076 | Lair:3   | Noticed a boulder beetle
 17085 | Lair:3   | Banished a boulder beetle
 17086 | Lair:3   | Reached skill level 10 in Fighting
 17145 | Lair:3   | Reached skill level 10 in Shields
 17306 | Lair:3   | Found a staircase to the Shoals.
 17308 | Lair:3   | Noticed Snorg
 17320 | Lair:3   | Killed Snorg
 17576 | Lair:3   | Killed a death yak
 17577 | Lair:3   | Reached skill level 11 in Axes
 17582 | Lair:3   | Killed a death yak
 17592 | Lair:3   | Killed a death yak
 17938 | Lair:3   | Noticed Ririga's ghost (journeyman TrHW)
 17939 | Lair:3   | Noticed a minotaur
 17940 | Lair:3   | Noticed an eight-headed hydra
 18128 | Lair:3   | Found a runed translucent gate.
 18128 | Lair:3   | Found a runed translucent gate.
 18128 | Lair:3   | Found a runed translucent gate.
 18588 | Lair:4   | Noticed a death yak
 18590 | Lair:4   | Noticed a death yak
 18717 | Lair:4   | Noticed a five-headed hydra
 18722 | Lair:4   | Killed a five-headed hydra
 18723 | Lair:4   | Reached skill level 12 in Axes
 18726 | Lair:4   | Reached XP level 13. HP: 74/103 MP: 20/20
 19852 | Lair:4   | Found a staircase to the Slime Pits.
 19910 | Lair:4   | Reached skill level 13 in Axes
 20019 | Lair:5   | Entered Level 5 of the Lair of Beasts
 20086 | Lair:5   | Noticed Urug
 20101 | Lair:5   | Killed Urug
 21043 | Lair:5   | Reached skill level 14 in Axes
 22520 | D:12     | Reached skill level 15 in Axes
 22545 | D:12     | Identified the +1 leather armour "Xestuowk" {+Blink Str-2
                  | Dex-2 Stlth+}
 22724 | D:12     | Found a portal to a secret trove of treasure.
 22767 | D:12     | Found a staircase to the Orcish Mines.
 23531 | Orc:1    | Entered Level 1 of the Orcish Mines
 23646 | D:12     | Gained mutation: You have hooves in place of feet. [demonic
                  | ancestry]
 23646 | D:12     | Reached XP level 14. HP: 58/110 MP: 21/21
 24548 | Lair:5   | Found a large runed translucent door.
 24548 | Lair:5   | Found a large runed translucent door.
 24646 | Lair:5   | Reached skill level 16 in Axes
 24646 | Lair:5   | Reached skill level 1 in Dodging
 25997 | Orc:1    | Found Haneta's Book Emporium.
 26293 | Orc:2    | Entered Level 2 of the Orcish Mines
 27201 | Orc:2    | Paralysed by an orc sorcerer for 3 turns
 27210 | Orc:2    | Paralysed by an orc sorcerer for 3 turns
 27257 | Orc:2    | Noticed an orc warlord
 27521 | Orc:2    | Reached skill level 10 in Armour
 27533 | Orc:2    | Killed an orc warlord
 27778 | Orc:2    | Found Qyniuz's General Store.
 27794 | Orc:2    | Found Ofoam's Antique Armour Boutique.
 27818 | Orc:2    | Found Zesioqod's Jewellery Boutique.
 27840 | Orc:2    | Found Qes Ucut's Antique Weapon Boutique.
 28286 | Orc:2    | Found a staircase to the Elven Halls.
 28409 | D:13     | Found Avehorr's General Store.
 28418 | D:13     | Bought a +0 tower shield for 72 gold pieces
 28453 | D:13     | Found Yxaeff's Magic Scroll Shop.
 28462 | D:13     | Bought 2 scrolls of identify for 44 gold pieces
 28462 | D:13     | Bought a scroll of blinking for 82 gold pieces
 28462 | D:13     | Bought a scroll of teleportation for 33 gold pieces
 28462 | D:13     | Bought a scroll of identify for 22 gold pieces
 28554 | D:13     | Identified the +5 long sword of Olauntask {vamp, rPois SInv
                  | Stlth-}
 29270 | D:13     | Found a gate to the Vaults.
 29332 | D:13     | Reached ****** piety under Lugonu
 29472 | D:13     | Found Idoclokh's Magic Scroll Emporium.
 29476 | D:13     | Learned a level 2 spell: Wereblood
 29815 | D:13     | Reached skill level 1 in Transmutations
 30070 | D:14     | Reached skill level 1 in Spellcasting
 30070 | D:14     | Reached XP level 15. HP: 34/119 MP: 22/22
 31295 | D:14     | Identified the ring of Heorapec {Fire MP+9 Slay+2 Stlth+}
 31453 | D:14     | Noticed Azrael
 31487 | D:14     | Identified a +2 broad axe of distortion (a +0 broad axe
                  | corrupted by Lugonu)
 31487 | D:14     | Received a gift from Lugonu
 31535 | D:13     | Bought a scroll of enchant weapon for 82 gold pieces
 31718 | Shoals:1 | Entered Level 1 of the Shoals
 33068 | Shoals:2 | Reached skill level 17 in Axes
 33093 | Shoals:2 | HP: 5/119 [manticore/volley of spikes (15)]
 33094 | Shoals:2 | HP: 1/119 [merfolk impaler/+3 trident of venom (15)]
 33102 | Abyss:1  | Succumbed to barbed spike wounds

Illustrated notes

Levels and vault maps discovered:
D:1:      nzn_arrival_settlement, layout_basic,
          shapermc_ecumenical_altar_hornbeckon
D:2:      layout_basic, guppyfry_early_orc_mine
D:3:      layout_loops_cross, serial_shops, nicolae_shop_advertising_works
          [nicolae_subvault_shop_adworks], corexii_corridor_pit
D:4:      layout_basic, serial_shops, shop
D:5:      layout_basic, hangedman_decor_slide_cut, minmay_strange_pillars,
          minmay_misc_feat_columns, chequers_serial_rivers_micro_a
D:6:      layout_rooms, marbit_many_paths, serial_glass, glass_columns_a,
          glass_columns_b, glass_columns_b, uniq_crazy_yiuf_cottage, uniq_maggie
D:7:      layout_layer_cave, minmay_temple_entry_offerings,
          nicolae_ossuary_entry_ruins, serial_shops, shop,
          kennysheep_generic_room_8
D:8:      layout_rooms, minmay_crossroads
D:9:      layout_loops_ring, due_lair_maze_entry_diamond,
          minmay_misc_feat_four_crosses
D:10:     layout_rooms, hex_intersection, dk_vineyard_1
D:11:     layout_loops_ring, amcnicky_mini_pool_small
D:12:     layout_roguey, erik_orc_1, nicolae_trove_entry_crystal
D:13:     layout_irregular_city, hangedman_vaults_entry_quadrant_bands,
          serial_shops, shop_statue, shop, nicolae_diamond_shop
D:14:     layout_loops_ring, reono_crystal_passage, lightli_wizard_tower,
          uniq_azrael
Lair:1:   layout_roguey, grunt_forest_stairs_basic, nzn_sisyphean_effort,
          grunt_megastairs_5
Lair:2:   layout_chaotic_city, guppyfry_snake_entry_island
Lair:3:   layout_roguey, minmay_shoals_entry_beasts, gauntlet_entry_generic,
          maelrawn_ghost_gauntlet_escape, lemuel_fruit_tree, uniq_snorg
Lair:4:   layout_cave_pods, slime_entry_1, nicolae_volcano_entry_batcave,
          minivault_19
Lair:5:   cheibrodos_lair_end_hotspot, layout_cave_pods, uniq_urug
Shoals:1: layout_shoals
Shoals:2: layout_shoals, serial_shops, shop_fountains, lemuel_oklob_altar
Orc:1:    layout_caves, serial_shops, shop
Orc:2:    grunt_orc_cross, layout_caves, basic_altar
Abyss:1:  base: Temple, base: Temple, base: D:1, hangedman_stitches_earthworm

Skill      XL: |  1  2  3  4  5  6  7  8  9 10 11 12 13 14 15 |
---------------+----------------------------------------------+-----
Axes           | 2 3 4 7 10 12 15 16 17 | 17.2
Invocations    | 3 5 8 10 | 10.0
Armour         | 3 4 7 8 10 | 10.5
Fighting       | 6 8 10 11 | 11.2
Shields        | 2 7 10 | 10.5
Dodging        | 3 |  3.0
Transmutations | 1 4 |  4.0
Spellcasting   | 1 2 |  2.7

Action                   |  1- 3 |  4- 6 |  7- 9 | 10-12 | 13-15 || total
-------------------------+-------+-------+-------+-------+-------++-------
Melee: Hand axe          |   111 |   108 |       |       |       ||   219
       Punch             |     3 |     3 |       |       |       ||     6
       War axe           |       |    33 |   154 |   397 |   655 ||  1239
       Kick              |       |     8 |    41 |   138 |   389 ||   576
       Trident           |       |       |       |     7 |   277 ||   284
       Broad axe         |       |       |       |       |   109 ||   109
Invok: Depart the Abyss  |     1 |       |       |       |       ||     1
       Banish            |       |       |     1 |    18 |     9 ||    28
       Bend Space        |       |       |       |       |     1 ||     1
       Enter the Abyss   |       |       |       |       |     1 ||     1
       Brand Weapon With |       |       |       |       |     1 ||     1
  Use: Potion            |       |     2 |       |     6 |    16 ||    24
       Scroll            |       |     3 |       |     9 |    22 ||    34
 Stab: Sleeping          |     1 |       |       |     3 |     2 ||     6
       Distracted        |       |       |       |       |     1 ||     1
Armor: Leather armour    |    17 |     2 |       |       |       ||    19
       Scale mail        |       |    31 |     4 |       |       ||    35
       Plate armour      |       |       |    44 |       |   298 ||   342
       Acid dragon scale |       |       |    31 |   130 |    36 ||   197
       Chain mail        |       |       |       |       |    33 ||    33
Dodge: Dodged            |    56 |    50 |    48 |   103 |   210 ||   467
Block: Other             |    13 |    49 |    63 |    25 |       ||   150
       Kite shield       |       |       |       |   331 |   485 ||   816
       Tower shield      |       |       |       |       |   642 ||   642

Table legend: (Time is in decaauts)
 A = Elapsed time spent in this place.
 B = Non-inter-level travel time spent in this place.
 C = Inter-level travel time spent in this place.
 D = Time resting spent in this place.
 E = Time spent auto-exploring this place.
 F = Levels seen in this place.
 G = Mean time per level.
                   A        B        C        D        E       F      G
               +--------+--------+--------+--------+--------+-----+--------+
         Total |  33478 |  31453 |   2025 |   1605 |  25617 |  26 | 1287.6 |
       Dungeon |  19329 |  18064 |   1265 |    175 |  15554 |  14 | 1380.6 |
          Lair |   9003 |   8334 |    669 |    632 |   6660 |   5 | 1800.6 |
        Shoals |   1465 |   1420 |     45 |     75 |   1105 |   2 |  732.5 |
  Orcish Mines |   2562 |   2518 |     44 |    635 |   1516 |   2 | 1281.0 |
         Abyss |     82 |     82 |      0 |      6 |     73 |   2 |   41.0 |
      Gauntlet |   1035 |   1035 |      0 |     81 |    707 |   1 | 1035.0 |
               +--------+--------+--------+--------+--------+-----+--------+

Top non-repeatable levels by time:
  Lair:5: 2911 daAuts
  Lair:3: 2136 daAuts
   Orc:2: 2069 daAuts
     D:1: 1883 daAuts
     D:7: 1816 daAuts
    D:13: 1775 daAuts
     D:2: 1718 daAuts
    D:12: 1578 daAuts
    D:14: 1529 daAuts
  Lair:4: 1515 daAuts
  Lair:2: 1384 daAuts
     D:9: 1349 daAuts
     D:6: 1235 daAuts
     D:4: 1230 daAuts
     D:5: 1213 daAuts
